 Dungeon Crawl Stone Soup version 0.23.2-1-ga50397a6bc (webtiles) character file.

Game seed: 14742283323227703462

4424 Jukra the Basher (level 10, -6/90 HPs)
             Began as a Minotaur Berserker on May 12, 2019.
             Was a High Priest of Trog.
             Killed from afar by a gnoll (12 damage)
             ... with a wand of acid (6)
             ... on level 9 of the Dungeon.
             The game lasted 00:36:17 (7770 turns).

Jukra the Basher (Minotaur Berserker)               Turns: 7770, Time: 00:36:18

Health: -6/90      AC: 17    Str: 24    XL:     10   Next: 14%
Magic:  9/9        EV:  9    Int:  4    God:    Trog [*****.]
Gold:   480        SH:  0    Dex: 11    Spells: 9/9 levels left

rFire    . . .     SeeInvis .   K - +1 mace "Yhenk" {venom, Fragile +Fly MR+ Stlth+}
rCold    + . .     Gourm    .   (no shield)
rNeg     . . .     Faith    .   C - +1 plate armour
rPois    +         Spirit   .   (helmet restricted)
rElec    .         Reflect  .   I - +0 cloak
rCorr    .         Harm     .   o - +0 pair of gloves
MR       +....                  (no boots)
Stlth    ..........             (no amulet)
HPRegen  0.25/turn              w - ring of poison resistance
MPRegen  0.11/turn              A - ring of protection from cold

@: no status effects
A: retaliatory headbutt, horns 2
a: Berserk, Trog's Hand, Brothers in Arms, Renounce Religion, Evoke Flight


You were on level 9 of the Dungeon.
You worshipped Trog.
Trog was extremely pleased with you.
You were not hungry.

You visited 1 branch of the dungeon, and saw 9 of its levels.
You also visited: Sewer and Ossuary.

You collected 480 gold pieces.

Inventory:

Hand Weapons
 a - a +0 mace
 b - a +0 hunting sling
 v - a +1 flail of draining
 y - a +4 flail of holy wrath
 K - the +1 mace "Yhenk" (weapon) {venom, Fragile +Fly MR+ Stlth+}
   (You found it on level 7 of the Dungeon)

   It poisons the flesh of those it strikes.
   It affects your resistance to hostile enchantments.
   It lets you fly.
   It will be destroyed if unequipped.
   It makes you more stealthy.
Missiles
 h - 97 sling bullets (quivered)
Armour
 o - a +0 pair of gloves (worn)
 C - a +1 plate armour (worn)
 I - a +0 cloak (worn)
Jewellery
 n - an uncursed ring of ice
 q - an uncursed ring of flight
 w - a ring of poison resistance (left hand)
 A - a ring of protection from cold (right hand)
Wands
 M - a wand of flame (25)
Scrolls
 d - 12 scrolls of identify
 e - 7 scrolls of remove curse
 g - 4 scrolls of fear
 i - 3 scrolls of noise
 j - 4 scrolls of teleportation
 m - 3 scrolls of fog
 x - 5 scrolls of blinking
 F - a scroll of enchant armour
 G - a scroll of immolation {unknown}
 H - a scroll of magic mapping {unknown}
Potions
 f - 6 potions of curing {unknown}
 k - 4 potions of mutation {unknown}
 l - 2 potions of might {unknown}
 p - a potion of flight {unknown}
 r - 4 potions of haste
 s - 2 potions of resistance
 t - 2 potions of heal wounds {unknown}
 u - 2 potions of invisibility {unknown}
 z - a potion of brilliance {unknown}
 B - a potion of degeneration {unknown}
 D - 2 potions of berserk rage {unknown}
 E - a potion of ambrosia {unknown}
 J - a potion of magic {unknown}
 L - a potion of agility {unknown}
 N - a potion of lignification {unknown}
Comestibles
 c - 22 rations
 O - 7 chunks of flesh


   Skills:
 * Level 8.7 Fighting
 * Level 11.6 Maces & Flails
 + Level 5.3 Slings
 - Level 0.4(3.0) Throwing
 * Level 8.4 Armour
 * Level 4.8 Dodging


You had 9 spell levels left.
You didn't know any spells.
Your spell library contained the following spells:

 Spells                   Type           Power        Failure   Level  Hunger
 Corona                   Hex            #......      100%        1    ##.....
 Ensorcelled Hibernation  Hex/Ice        #.....       100%        2    ###....
 Confuse                  Hex            #.......     100%        3    ####...
 Dazzling Spray           Conj/Hex       #.....       100%        3    ####...
 Tukima's Dance           Hex            #.......     100%        3    ####...
 Summon Lightning Spire   Summ/Air       #.......     100%        4    #####..
 Silence                  Hex/Air        #.........   100%        5    ######.
 Conjure Ball Lightning   Conj/Air       #.........   100%        6    #######
 Deflect Missiles         Chrm/Air       #.........   100%        6    #######
 Tornado                  Air            #.........   100%        9    #######


Dungeon Overview and Level Annotations

Branches:
Dungeon (9/15)             Temple (0/1) D:6
   Lair: D:8-11         Orc: D:9-12

Altars:
Fedhas
Makhleb
Okawaru
Beogh

Shops:
D:4 =


Innate Abilities, Weirdness & Mutations

You reflexively headbutt those who attack you in melee.
You have a pair of horns on your head.


Message History

You headbutt the gnoll, but do no damage.
The gnoll is severely wounded.
The gnoll hits you but does no damage.
You completely miss the gnoll.
The gnoll is severely wounded.
You barely miss the gnoll.
The gnoll is severely wounded.
The gnoll zaps a wand.
The bolt of acid hits you.
* * * LOW HITPOINT WARNING * * *
You are splashed with acid!
* * * LOW HITPOINT WARNING * * *
You hit the gnoll.
The gnoll is poisoned.
The gnoll is severely wounded.
You hit the gnoll.
The gnoll is poisoned.
The gnoll is moderately wounded.
You thump the gnoll!
You kill the gnoll!
Trog accepts your kill.
The gnoll zaps a wand.
The bolt of acid hits you!
You die...

#... #...#.#.#### #...
#...#.#.#...#
#...#######...#.#.#.##.
#.............#.#.#.#.#
.............#.#.#.#))?
.###...###..#.#.#.##.#
#...# ##.#.#.#...##
#...# #.#.#.####..
#.@.# #.#.#.....##
#g).# #.#.######)(
#..... ..#.......##
.........########..
.#####............## ..
.............. #.
........###### #.
...... . .######


You could see a gnoll.

Vanquished Creatures
  A hydra (D:8)
  A hippogriff (D:9)
  Sigmund (D:3)
  A yak (D:9)
  Edmund (D:6)
  Menkaure (D:4)
  An acid dragon (D:9)
  Duvessa (D:7)
  2 ice beasts
  3 orc warriors
  3 centaurs
  An ogre (D:7)
  2 bullfrogs (D:6)
  Dowan (D:7)
  2 scorpions
  5 wights (D:7)
  5 killer bees
  4 crimson imps
  A centaur zombie (D:7)
  A hound (D:9)
  A jelly (D:8)
  4 orc priests
  Jessica (D:3)
  3 iguanas (D:7)
  7 orc wizards
  5 worker ants
  3 big kobold zombies (Ossuary)
  A hound zombie (D:6)
  A mummy (Ossuary)
  5 gnolls
  4 river rats (Sewer)
  10 adders
  2 oozes
  An adder skeleton (D:4)
  2 adder zombies
  3 dart slugs (D:1)
  4 leopard geckos
  50 orcs
  2 spectral bats (Ossuary)
  9 bats
  8 giant cockroaches
  9 gnoll zombies (Ossuary)
  9 goblins
  8 hobgoblins
  2 jackals (D:5)
  5 quokkas
  6 ball pythons
  5 bat simulacra (Ossuary)
  8 frilled lizards
  5 goblin simulacra (Ossuary)
  5 goblin zombies (Ossuary)
  6 hobgoblin zombies (Ossuary)
  2 jackal skeletons
  A jackal zombie (D:8)
  7 kobolds
  2 kobold simulacra (Ossuary)
  3 kobold zombies (Ossuary)
  4 orc zombies (Ossuary)
  17 rats
  3 rat simulacra (Ossuary)
  3 spectral goblins (Ossuary)
  A spectral kobold (Ossuary)
  A spectral rat (Ossuary)
276 creatures vanquished.

Vanquished Creatures (collateral kills)
  A centaur (D:9)
  A scorpion (D:9)
2 creatures vanquished.

Vanquished Creatures (others)
  A gnoll (D:9)
1 creature vanquished.

Grand Total: 279 creatures vanquished

Notes
Turn   | Place    | Note
-------+----------+-------------------------------------------
     0 | D:1      | Jukra the Minotaur Berserker began the quest for the Orb.
     0 | D:1      | Reached XP level 1. HP: 19/19 MP: 0/0
   193 | D:1      | Reached skill level 4 in Maces & Flails
   193 | D:1      | Reached XP level 2. HP: 22/27 MP: 1/1
   471 | D:1      | Reached XP level 3. HP: 31/33 MP: 2/2
   614 | D:1      | Reached ** piety under Trog
  1664 | D:3      | Noticed Sigmund
  1681 | D:3      | Killed Sigmund
  1681 | D:3      | Reached XP level 4. HP: 10/41 MP: 3/3
  1681 | D:3      | Reached XP level 5. HP: 12/47 MP: 4/4
  2267 | D:3      | Reached XP level 6. HP: 24/53 MP: 5/5
  2510 | D:3      | Found a blossoming altar of Fedhas.
  2606 | D:3      | Noticed Jessica
  2609 | D:3      | Killed Jessica
  2612 | D:3      | Reached *** piety under Trog
  2880 | D:4      | Got a black opal-encrusted leather armour
  2891 | D:4      | Identified the cursed +0 leather armour of the Orb Guardian
                  | {rN+} (You found it on level 4 of the Dungeon)
  2905 | D:4      | Found an iron altar of Okawaru.
  2936 | D:4      | Found Reluc's Jewellery Emporium.
  3249 | D:4      | Noticed Menkaure
  3256 | D:4      | Killed Menkaure
  3256 | D:4      | Reached skill level 5 in Fighting
  3256 | D:4      | Reached skill level 5 in Maces & Flails
  3256 | D:4      | Reached skill level 5 in Slings
  3677 | D:5      | Entered Level 5 of the Dungeon
  3804 | D:5      | Reached XP level 7. HP: 36/61 MP: 6/6
  3927 | D:5      | Reached skill level 6 in Maces & Flails
  4337 | D:5      | Found a glowing drain.
  4351 | Sewer    | Entered a sewer
  4507 | Sewer    | Reached **** piety under Trog
  4742 | D:6      | Reached skill level 7 in Maces & Flails
  4763 | D:6      | Reached XP level 8. HP: 63/70 MP: 7/7
  4860 | D:6      | Found a sand-covered staircase.
  4889 | D:6      | Found a burning altar of Makhleb.
  4947 | D:6      | Reached skill level 8 in Maces & Flails
  4960 | D:6      | Noticed Edmund
  4977 | D:6      | Killed Edmund
  4977 | D:6      | Reached skill level 5 in Armour
  5007 | D:6      | Received a gift from Trog
  5042 | D:6      | Found a staircase to the Ecumenical Temple.
  5106 | Ossuary  | Entered an ossuary
  5499 | D:6      | Found a runed translucent door.
  5721 | D:6      | Reached ***** piety under Trog
  5722 | D:6      | Reached skill level 9 in Maces & Flails
  5762 | D:6      | Found a roughly hewn altar of Beogh.
  5943 | D:7      | Noticed Dowan
  5944 | D:7      | Noticed Duvessa
  5946 | D:7      | Killed Dowan
  5954 | D:7      | Killed Duvessa
  5954 | D:7      | Reached XP level 9. HP: 67/79 MP: 8/8
  5971 | D:7      | Got a brightly glowing mace
  5972 | D:7      | Identified the +1 mace "Yhenk" {venom, Fragile +Fly MR+
                  | Stlth+} (You found it on level 7 of the Dungeon)
  6021 | D:7      | Reached skill level 10 in Maces & Flails
  6072 | D:7      | Received a gift from Trog
  6717 | D:8      | Noticed an eight-headed hydra
  6725 | D:8      | Killed an eight-headed hydra
  6725 | D:8      | Reached skill level 11 in Maces & Flails
  7615 | D:7      | Reached XP level 10. HP: 90/90 MP: 9/9
  7770 | D:9      | Killed from afar by a gnoll

Skill      XL: |  1  2  3  4  5  6  7  8  9 |
---------------+----------------------------+-----
Maces & Flails | 4 5 7 9 11 | 11.6
Fighting       | 4 5 6 7 8 |  8.7
Slings         | 4 5 |  5.3
Armour         | 3 4 6 8 |  8.4
Dodging        | 3 4 |  4.8
Throwing       | |  0.4

Action                   |  1- 3 |  4- 6 |  7- 9 | 10-12 || total
-------------------------+-------+-------+-------+-------++-------
Melee: Mace              |    68 |       |   137 |    35 ||   240
       Headbutt          |    11 |    10 |    73 |     8 ||   102
       Flail             |     1 |    59 |   266 |       ||   326
 Fire: Hunting sling     |    37 |    61 |       |       ||    98
Invok: Berserk           |       |     2 |     4 |       ||     6
       Trog's Hand       |       |     1 |     3 |       ||     4
       Brothers in Arms  |       |       |       |     1 ||     1
  Use: Scroll            |       |     2 |     9 |       ||    11
  Eat: Chunk             |     2 |     8 |    13 |     2 ||    25
       Ration            |       |     1 |     1 |       ||     2
Armor: Animal skin       |     4 |       |       |       ||     4
       Ring mail         |    15 |       |       |       ||    15
       Scale mail        |       |    30 |       |       ||    30
       Plate armour      |       |    14 |   232 |    29 ||   275
Dodge: Dodged            |    51 |    42 |   152 |    18 ||   263
